 Dungeon Crawl Stone Soup version 0.28.0 (webtiles) character file.

Game seed: 1362775318717819237

2442 browni3141 the Fighter (level 9, -1/82 HPs)
             Began as a Minotaur Berserker on Feb 10, 2022.
             Was a Believer of Trog.
             Killed from afar by a white imp (7 damage)
             ... with a puff of frost
             ... on level 8 of the Dungeon.
             The game lasted 00:02:29 (3327 turns).

browni3141 the Fighter (Minotaur Berserker)         Turns: 3327, Time: 00:02:30

Health: -1/82      AC: 12    Str: 25    XL:     9   Next: 25%
Magic:  8/8        EV: 13    Int:  4    God:    Trog [**....]
Gold:   68         SH:  0    Dex: 11    Spells: 8/8 levels left

rFire   . . .      SeeInvis .   o - +0 war axe
rCold   . . .      Faith    .   (no shield)
rNeg    . . .      Spirit   .   q - +0 swamp dragon scales
rPois   +          Reflect  .   (helmet restricted)
rElec   .          Harm     .   v - +0 cloak
rCorr   .          Rampage  .   e - +0 pair of gloves
Will    .....                   (no boots)
Stlth   +.........              (no amulet)
HPRegen 0.23/turn               (no ring)
MPRegen 0.11/turn               (no ring)

@: no status effects
A: horns 2, retaliatory headbutt
a: Renounce Religion, Berserk, Trog's Hand


You were on level 8 of the Dungeon.
You worshipped Trog.
Trog was pleased with you.
You visited 1 branch of the dungeon, and saw 6 of its levels.

You collected 68 gold pieces.

Inventory:

Hand Weapons
 a - a +0 hand axe
 o - a +0 war axe (weapon)
Armour
 b - a +0 animal skin
 e - a +0 pair of gloves (worn)
 p - a +0 chain mail
 q - +0 swamp dragon scales (worn)
 v - a +0 cloak (worn)
Wands
 f - a wand of paralysis (11)
Scrolls
 c - a scroll of immolation {unknown}
 d - a scroll of vulnerability {unknown}
 g - a scroll of magic mapping {unknown}
 h - a scroll of amnesia {unknown}
 i - a scroll of identify {unknown}
 k - a scroll of blinking {unknown}
 t - a scroll of teleportation {unknown}
Potions
 j - a potion of flight {unknown}
 l - a potion of degeneration {unknown}
 m - a potion of brilliance {unknown}
 n - a potion of ambrosia {unknown}
 r - a potion of heal wounds {unknown}
 s - a potion of resistance {unknown}
 u - a potion of lignification {unknown}


   Skills:
 + Level 8.3 Fighting
 + Level 8.3 Axes
 + Level 7.8 Armour
 + Level 7.1 Dodging


You had 8 spell levels left.
You didn't know any spells.
Your spell library was empty.

Dungeon Overview and Level Annotations

Branches:
Dungeon (8/15)
 Temple: D:4-7         Lair: D:8-11

Altars:
Elyvilon
Gozag
Xom
The Shining One

Shops:
D:1 [[


Innate Abilities, Weirdness & Mutations

You have a pair of horns on your head.
You reflexively headbutt those who attack you in melee.


Message History

The white imp is heavily wounded.
You closely miss the freezing wraith. You hit the white imp but do no damage.
You barely miss the white imp. The white imp gestures at you.
The puff of frost hits you.
The white imp hits you but does no damage.
Unknown command.
The freezing wraith closely misses you. You furiously retaliate!
You headbutt the freezing wraith. The freezing wraith hits you!
The freezing wraith drains your vigour!
You feel yourself slow down. The white imp misses you.
The white imp hits you but does no damage.
The freezing wraith barely misses you. The freezing wraith closely misses you.
The white imp grinds its teeth.
The white imp gestures at you. The puff of frost hits you!
The white imp shouts, "Fly, thou churlish clay-brained wastrel!"
The white imp hits you but does no damage.
The white imp gestures at you. The puff of frost misses you.
The white imp gestures at you.
The puff of frost hits you but does no damage.
Things that are here:
a +0 shortbow; 9 arrows The freezing wraith barely misses you.
The freezing wraith closely misses you.
The white imp grins evilly.
The ice devil barely misses you. You furiously retaliate!
You headbutt the ice devil.
You feel yourself speed up. The ice devil hits you!
* * * LOW HITPOINT WARNING * * *
The ice devil freezes you!
* * * LOW HITPOINT WARNING * * *
The white imp gestures at you. The puff of frost hits you.
* * * LOW HITPOINT WARNING * * *
The white imp spits at you. The white imp gestures at you.
The puff of frost hits you!
You die...

#.####..........
#.##..)55..#.###
#.##.###..##.#
######....# #..# .#
#......5..###..##.#
###.#.#..............
.............5.......
###.#.#.#####.#...###
#...@4#####.##.###
###.#..W.W5......# #
#.#######.####.# #
#######.### #.# # #
>.........### #.# #
#######.....# #.. ..
# #.###.# ### #.####
#.# #.# #.# #.....
#.# #.###.# #.....


You could see an ice devil, 2 freezing wraiths and 2 white imps.

Vanquished Creatures
  A two-headed ogre (D:7)
  Maggie (D:7)
  A steam dragon (D:8)
  4 water moccasins
  2 ogres
  A centaur (D:8)
  A kobold brigand (D:7)
  A scorpion (D:7)
  A water moccasin zombie (D:7)
  3 howler monkeys
  3 centaur zombies
  A centaur skeleton (D:7)
  An orc priest (D:8)
  A gnoll shaman (D:7)
  A hound (D:7)
  A jelly (D:8)
  An iron imp (D:7)
  Natasha (D:2)
  2 orc wizards (D:8)
  5 gnolls (D:7)
  2 adders
  2 white imps
  An ufetubus (D:4)
  A worm (D:4)
  12 orcs
  2 ball pythons (D:1)
  2 giant cockroaches (D:1)
  A hobgoblin (D:4)
  3 jackals (D:4)
  4 kobolds
  2 goblin skeletons (D:7)
  2 goblin zombies (D:7)
  2 hobgoblin zombies (D:7)
  3 orc skeletons (D:7)
  An orc zombie (D:7)
  2 rats
75 creatures vanquished.

Notes
Turn   | Place    | Note
-------+----------+-------------------------------------------
     0 | D:1      | browni3141 the Minotaur Berserker began the quest for the
                  | Orb.
     0 | D:1      | Reached XP level 1. HP: 19/19 MP: 0/0
   165 | D:1      | Found Citoguse's Antique Armour Boutique.
   181 | D:1      | Found Woxkud's Antique Armour Emporium.
   421 | D:2      | Noticed Natasha
   422 | D:2      | Noticed a crimson imp
   423 | D:2      | Noticed a crimson imp
   427 | D:2      | Killed Natasha
   428 | D:2      | Reached XP level 2. HP: 27/27 MP: 1/1
   428 | D:2      | Reached XP level 3. HP: 33/33 MP: 2/2
   493 | D:2      | Noticed an ogre
   499 | D:2      | Killed an ogre
   500 | D:2      | Reached XP level 4. HP: 41/41 MP: 3/3
   559 | D:3      | Noticed a water moccasin
   565 | D:3      | Killed a water moccasin
   566 | D:3      | Reached skill level 5 in Fighting
   566 | D:3      | Reached skill level 5 in Axes
   566 | D:3      | Reached XP level 5. HP: 48/48 MP: 4/4
   738 | D:4      | Noticed an ogre
   745 | D:4      | Reached XP level 6. HP: 56/56 MP: 5/5
   893 | D:4      | You fall into a shaft and drop 3 floors!
  1092 | D:7      | Noticed a water moccasin
  1098 | D:7      | Killed a water moccasin
  1099 | D:7      | Reached skill level 5 in Armour
  1099 | D:7      | Reached XP level 7. HP: 62/62 MP: 6/6
  1634 | D:7      | Found a white marble altar of Elyvilon.
  1674 | D:7      | Reached skill level 5 in Dodging
  1754 | D:7      | Noticed Maggie
  1763 | D:7      | Killed Maggie
  1764 | D:7      | Reached XP level 8. HP: 70/71 MP: 7/7
  2166 | D:7      | Found a glowing golden altar of the Shining One.
  2185 | D:7      | Reached ** piety under Trog
  2469 | D:7      | Noticed a two-headed ogre
  2474 | D:7      | Killed a two-headed ogre
  2475 | D:7      | Reached XP level 9. HP: 75/81 MP: 8/8
  2866 | D:8      | Found an opulent altar of Gozag.
  2899 | D:8      | Found a shimmering altar of Xom.
  3300 | D:8      | Noticed a freezing wraith
  3301 | D:8      | Noticed a freezing wraith
  3302 | D:8      | Noticed a freezing wraith
  3303 | D:8      | Noticed an ice devil
  3318 | D:8      | HP: 4/82 [white imp/puff of frost (1)]
  3327 | D:8      | Killed from afar by a white imp

Illustrated notes

Levels and vault maps discovered:
D:1:      dpeg_chamrin_arrival_tetris, layout_loops_corners, serial_shops,
          nicolae_square_shop, shop, nicolae_shop_advertising_works
          [nicolae_subvault_shop_adworks], shop,
          shapermc_ecumenical_altar_mp_highgroup
D:2:      layout_basic, uniq_natasha, uniq_robin
D:3:      layout_loops_ring, grunt_temple_overflow_lords_of_destruction,
          nzn_overflow_gifts_of_might_and_magic, tgw_fedhas
D:4:      kennysheep_goblin_castle, layout_loops_ring, jmf_multi_god_temple2,
          biasface_ghost_orc_armoury, chequers_serial_rivers_micro_b,
          st_stairs_8
D:7:      layout_gridville, nicolae_tso_besieged_by_evil,
          mainiacjoe_overflow_six_doors_small, uniq_maggie
D:8:      layout_loops_ring, mainiacjoe_overflow_alcove_2,
          nicolae_overflow_hidden_temple, hellmonk_guarded_unrand_frostbite

Skill      XL: |  1  2  3  4  5  6  7  8  9 |
---------------+----------------------------+-----
Fighting       | 4 5 6 7 8 |  8.3
Axes           | 4 5 6 7 8 |  8.3
Armour         | 3 4 5 6 7 |  7.8
Dodging        | 3 4 5 6 7 |  7.1

Action                   |  1- 3 |  4- 6 |  7- 9 || total
-------------------------+-------+-------+-------++-------
Melee: Hand axe          |    18 |    31 |    45 ||    94
       Headbutt          |     2 |     2 |    25 ||    29
       Punch             |       |     1 |     1 ||     2
       War axe           |       |       |    98 ||    98
Invok: Berserk           |     2 |     4 |     5 ||    11
Armor: Animal skin       |     2 |     4 |     8 ||    14
       Swamp dragon scal |       |       |    51 ||    51
Dodge: Dodged            |    17 |    28 |    95 ||   140
